[Event "2nd Kalyan Dombivali 2019"]
[Site "Kalyan"]
[Date "2019.01.29"]
[Round "1.1"]
[White "Krish, Doiphode"]
[Black "Gusain, Himal"]
[Result "0-1"]
[ECO "B00"]
[WhiteElo "1126"]
[BlackElo "2371"]
[Annotator "ChessBase"]
[PlyCount "59"]
[EventDate "2019.01.28"]
[EventType "swiss"]
[EventRounds "10"]
[EventCountry "IND"]
[SourceTitle "playchess.com"]
[Source "ChessBase"]
[SourceQuality "1"]
[TimeControl "5400+30"]

1. e4 d6 2. Nf3 Nf6 3. Nc3 g6 4. Bc4 Bg7 5. d4 c6 6. Bb3 O-O 7. O-O Qc7 8. Ng5 e5 9. d5 h6 10. Nf3 c5 11. Bc4 Qe7 12. h3 Nh7 13. Nh2 f5 14. exf5 gxf5 15. Qh5 Bd7 16. Be3 Be8 17. Qe2 Nd7 18. Na4 Kh8 19. Nc3 Nb6 20. a3 Nxc4 21. Qxc4 f4 22. Bd2 Ng5 23. f3 Bg6 24. Rfe1 Qd7 25. Rac1 e4 26. fxe4 f3 27. Qf1 f2+ 28. Kh1 fxe1=Q 29. Qxe1 Rae8 30. Qh4 0-1

[Event "2nd Kalyan Dombivali 2019"]
[Site "Kalyan"]
[Date "2019.01.29"]
[Round "1.4"]
[White "Saurabh, Anand"]
[Black "Dhruv, Patil"]
[Result "1-0"]
[ECO "C44"]
[WhiteElo "2210"]
[BlackElo "1119"]
[Annotator "RC"]
[PlyCount "49"]
[EventDate "2019.01.28"]
[EventType "swiss"]
[EventRounds "10"]
[EventCountry "IND"]
[SourceTitle "playchess.com"]
[Source "ChessBase"]
[SourceQuality "1"]
[TimeControl "5400+30"]

1. e4 e5 2. Nf3 Nc6 3. d4 exd4 4. Nxd4 Bb4+ 5. c3 Bc5 6. Be3 Qe7 7. Bd3 Nxd4 8. cxd4 Bb4+ 9. Nc3 Nf6 10. O-O Bxc3 11. bxc3 Nxe4 12. Re1 d5 13. Bf4 Be6 14. Bxe4 dxe4 15. Rxe4 O-O-O 16. d5 Qf6 17. Rc4 c6 18. Qa4 Bxd5 19. Rb4 Qxc3 20. Rc1 Rhe8 21. Rbb1 Qd3 22. Qxa7 Qa6 23. Qb8+ Kd7 24. Qd6+ Kc8 25. Qc7# 1-0

[Event "2nd Kalyan Dombivali 2019"]
[Site "Kalyan"]
[Date "2019.01.29"]
[Round "1.5"]
[White "Sawant, Hirak Manohar"]
[Black "Snehal, Bhosale"]
[Result "0-1"]
[ECO "C55"]
[WhiteElo "1117"]
[BlackElo "2135"]
[Annotator "RC"]
[PlyCount "112"]
[EventDate "2019.01.28"]
[EventType "swiss"]
[EventRounds "10"]
[EventCountry "IND"]
[SourceTitle "playchess.com"]
[Source "ChessBase"]
[SourceQuality "1"]
[TimeControl "5400+30"]

1. e4 e5 2. Nf3 Nc6 3. Bc4 Nf6 4. d3 Be7 5. O-O O-O 6. Re1 d6 7. Nbd2 Na5 8. Bb3 Nxb3 9. Nxb3 Re8 10. c3 h6 11. d4 exd4 12. Nbxd4 Bf8 13. e5 dxe5 14. Nxe5 c5 15. Ndf3 Qxd1 16. Rxd1 Bf5 17. Bf4 g5 18. Bg3 Ne4 19. Rd5 g4 20. Nd2 Nxg3 21. hxg3 Be6 22. Rd3 Rad8 23. Ne4 Kg7 24. Rad1 Rxd3 25. Nxd3 Rd8 26. f3 Bxa2 27. fxg4 Bc4 28. Ndf2 Rxd1+ 29. Nxd1 b5 30. Ne3 Bd3 31. Nf5+ Kg6 32. Nh4+ Kh7 33. Nf6+ Kg7 34. Ne8+ Kh8 35. Nf3 c4 36. Ne5 Bc5+ 37. Kh2 b4 38. Nxf7+ Kh7 39. cxb4 Bd4 40. Nfd6 Bxb2 41. Nxc4 Bxc4 42. Nd6 Bd3 43. b5 Ba3 44. Nc8 Bc5 45. Kh3 Bxb5 46. Nxa7 Bxa7 47. Kh4 Kg6 48. Kh3 Kg5 49. Kh2 Kxg4 50. Kh1 Bb8 51. Kh2 h5 52. Kh1 Kxg3 53. Kg1 h4 54. Kh1 h3 55. Kg1 Ba7+ 56. Kh1 hxg2# 0-1

[Event "2nd Kalyan Dombivali 2019"]
[Site "Kalyan"]
[Date "2019.01.29"]
[Round "1.6"]
[White "Kumar, Gaurav"]
[Black "Kotur, Aryan"]
[Result "1-0"]
[ECO "B19"]
[WhiteElo "2128"]
[BlackElo "1116"]
[Annotator "RC"]
[PlyCount "69"]
[EventDate "2019.01.28"]
[EventType "swiss"]
[EventRounds "10"]
[EventCountry "IND"]
[SourceTitle "playchess.com"]
[Source "ChessBase"]
[SourceQuality "1"]
[TimeControl "5400+30"]

1. e4 c6 2. d4 d5 3. Nd2 dxe4 4. Nxe4 Bf5 5. Ng3 Bg6 6. h4 h6 7. Nf3 Nd7 8. h5 Bh7 9. Bd3 Bxd3 10. Qxd3 Ngf6 11. Bd2 e6 12. O-O-O Bd6 13. Ne4 Nxe4 14. Qxe4 Qc7 15. Kb1 O-O-O 16. c4 c5 17. Bc3 Nf6 18. Qe2 Kb8 19. Rc1 Rhe8 20. Rh4 Be7 21. dxc5 Qxc5 22. Ne5 Rf8 23. a3 Qb6 24. c5 Bxc5 25. Nc4 Qc7 26. Be5 Bd6 27. Nxd6 Qd7 28. Nb5+ Ka8 29. Nc7+ Kb8 30. Rd4 Qxd4 31. Bxd4 Rxd4 32. Qe5 Re4 33. Na6+ Ka8 34. Qb8+ Rxb8 35. Nc7# 1-0

[Event "2nd Kalyan Dombivali 2019"]
[Site "Kalyan"]
[Date "2019.01.29"]
[Round "1.7"]
[White "Lohakare, Pratham"]
[Black "Satkar, Chirag"]
[Result "0-1"]
[ECO "E92"]
[WhiteElo "1112"]
[BlackElo "2071"]
[Annotator "NA RC"]
[PlyCount "88"]
[EventDate "2019.01.28"]
[EventType "swiss"]
[EventRounds "10"]
[EventCountry "IND"]
[SourceTitle "playchess.com"]
[Source "ChessBase"]
[SourceQuality "1"]
[TimeControl "5400+30"]

1. d4 Nf6 2. c4 g6 3. Nf3 Bg7 4. Nc3 O-O 5. e4 d6 6. Be3 e5 7. Be2 Ng4 8. Qd2 Nxe3 9. Qxe3 Nc6 10. d5 Nd4 11. Rc1 f5 12. O-O Bd7 13. Rfe1 f4 14. Qd2 Nxe2+ 15. Qxe2 g5 16. Nd2 g4 17. f3 h5 18. Rf1 Kh8 19. Kh1 Rg8 20. fxg4 hxg4 21. h3 Qh4 22. Qf2 Qh6 23. Rg1 Bf6 24. Ne2 Raf8 25. g3 fxg3 26. Nxg3 Bg5 27. Nf5 Bxf5 28. exf5 Bxd2 29. Rcd1 Be3 30. Qh2 Bxg1 31. Rxg1 gxh3 32. f6 Rxg1+ 33. Qxg1 Rg8 34. Qf1 h2 35. f7 Rg1+ 36. Qxg1 hxg1=Q+ 37. Kxg1 Qg6+ 38. Kh2 Qxf7 39. b4 e4 40. a4 e3 41. c5 e2 42. c6 e1=Q 43. cxb7 Qff2+ 44. Kh3 Qg3# 0-1

[Event "2nd Kalyan Dombivali 2019"]
[Site "Kalyan"]
[Date "2019.01.29"]
[Round "1.8"]
[White "Saranya, Y."]
[Black "Khadilkar, Shourya"]
[Result "1-0"]
[ECO "C45"]
[WhiteElo "1961"]
[BlackElo "1111"]
[Annotator "NA RC"]
[PlyCount "81"]
[EventDate "2019.01.28"]
[EventType "swiss"]
[EventRounds "10"]
[EventCountry "IND"]
[SourceTitle "playchess.com"]
[Source "ChessBase"]
[SourceQuality "1"]
[TimeControl "5400+30"]

1. e4 e5 2. Nf3 Nc6 3. d4 exd4 4. Nxd4 Bc5 5. Nxc6 bxc6 6. Bd3 d5 7. O-O Nf6 8. Nc3 O-O 9. Bg5 Be7 10. exd5 cxd5 11. Bxf6 Bxf6 12. Nxd5 Bxb2 13. Rb1 Bf6 14. Qh5 g6 15. Qf3 Bg7 16. Nf6+ Qxf6 17. Qxa8 Bh3 18. Qe4 Bf5 19. Qf3 Bxd3 20. Qxf6 Bxf6 21. cxd3 Rd8 22. Rfd1 Bd4 23. Rb4 c5 24. Rbb1 Kg7 25. Kf1 Kf6 26. Rb7 Ra8 27. Rdb1 Ke6 28. Rb8 Rxb8 29. Rxb8 Bc3 30. a3 Ba5 31. Rb7 Bb6 32. Ke2 h5 33. Kd2 Ba5+ 34. Kc2 Bb6 35. f3 f6 36. Kb3 Kd5 37. Rd7+ Ke6 38. Rg7 g5 39. Kc4 Ba5 40. Rxa7 Be1 41. a4 1-0

[Event "2nd Kalyan Dombivali 2019"]
[Site "Kalyan"]
[Date "2019.01.29"]
[Round "1.9"]
[White "Iksha, Soni"]
[Black "Kadam, Om Manish"]
[Result "0-1"]
[ECO "B92"]
[WhiteElo "1110"]
[BlackElo "1943"]
[Annotator "NA RC"]
[PlyCount "112"]
[EventDate "2019.01.28"]
[EventType "swiss"]
[EventRounds "10"]
[EventCountry "IND"]
[SourceTitle "playchess.com"]
[Source "ChessBase"]
[SourceQuality "1"]
[TimeControl "5400+30"]

1. e4 c5 2. Nf3 d6 3. d4 cxd4 4. Nxd4 Nf6 5. Nc3 a6 6. Be2 e5 7. Nf3 Be7 8. O-O O-O 9. Be3 b5 10. Bd3 Bb7 11. Qd2 Nbd7 12. Rad1 Qc7 13. a3 Rac8 14. Rfe1 Rfe8 15. h3 Bf8 16. Nh4 g6 17. Bh6 Rcd8 18. Qe3 Bc6 19. Qg5 Nh5 20. Ne2 Be7 21. Qg4 Ndf6 22. Qf3 d5 23. Ng3 Nxg3 24. Qxg3 Nh5 25. Qg4 dxe4 26. Bxe4 Nf6 27. Qg3 Rxd1 28. Rxd1 Nxe4 29. Qg4 Qa7 30. Be3 Bc5 31. Nf5 Nxf2 32. Bxf2 Bxf2+ 33. Kh1 Bc5 34. Nh6+ Kg7 35. Nf5+ Kh8 36. Nh6 Bf8 37. Qg5 Bxh6 38. Qxh6 Qf2 39. Qg5 Qf4 40. Qxf4 exf4 41. Rd4 Re1+ 42. Kh2 Re2 43. Rd3 Rxg2+ 44. Kh1 Rd2+ 45. Kg1 Rxd3 46. cxd3 Kg7 47. Kf2 Kf6 48. b4 Ke5 49. h4 Kd4 50. Ke2 f3+ 51. Kf2 Kxd3 52. Kf1 Ke3 53. a4 h6 54. axb5 Bxb5+ 55. Ke1 Be2 56. b5 f2# 0-1

[Event "2nd Kalyan Dombivali 2019"]
[Site "Kalyan"]
[Date "2019.01.29"]
[Round "1.10"]
[White "Ahmed, Feroz"]
[Black "Dandawate, Abhishek"]
[Result "1-0"]
[ECO "A31"]
[WhiteElo "1919"]
[BlackElo "1108"]
[Annotator "NA RC"]
[PlyCount "125"]
[EventDate "2019.01.28"]
[EventType "swiss"]
[EventRounds "10"]
[EventCountry "IND"]
[SourceTitle "playchess.com"]
[Source "ChessBase"]
[SourceQuality "1"]
[TimeControl "5400+30"]

1. c4 c5 2. Nf3 Nf6 3. d4 cxd4 4. Nxd4 g6 5. Nc3 Bg7 6. e4 d6 7. Be2 Nc6 8. Nc2 O-O 9. O-O Be6 10. Rb1 Rc8 11. b3 a6 12. Bb2 Qc7 13. Kh1 Na7 14. Nd4 Bd7 15. a4 Nc6 16. Nc2 Na5 17. Ne3 Be6 18. f4 Qb6 19. Bc1 Nc6 20. f5 Bd7 21. Ned5 Nxd5 22. Nxd5 Qd4 23. Qc2 e6 24. Bb2 Qc5 25. Nf6+ Bxf6 26. Bxf6 Qe3 27. Rf3 Nd4 28. Rxe3 Nxc2 29. Rc3 Nb4 30. Be7 Rfe8 31. Bxd6 Nc6 32. fxg6 fxg6 33. Bg4 Rcd8 34. h4 Bc8 35. e5 Nd4 36. h5 Nf5 37. hxg6 hxg6 38. c5 Rd7 39. b4 Rh7+ 40. Kg1 Rh4 41. Bf3 Nd4 42. Bd1 Kf7 43. b5 axb5 44. axb5 Bd7 45. c6 bxc6 46. b6 Bc8 47. b7 Bxb7 48. Rxb7+ Kg8 49. Rg3 Re4 50. Rxg6+ Kh8 51. Rh6+ Kg8 52. Kf2 c5 53. Bxc5 Nf5 54. Rhh7 Rd8 55. Bf3 Rd2+ 56. Kg1 Re1+ 57. Kh2 Rd8 58. Bg4 Rh1+ 59. Kxh1 Ng3+ 60. Kh2 Nf1+ 61. Kg1 Rd7 62. Rbxd7 Ng3 63. Rdg7# 1-0

[Event "2nd Kalyan Dombivali 2019"]
[Site "Kalyan"]
[Date "2019.01.29"]
[Round "1.11"]
[White "Viraj, Gogte"]
[Black "Vijay, Anand M."]
[Result "0-1"]
[ECO "E11"]
[WhiteElo "1105"]
[BlackElo "1841"]
[Annotator "NA RC"]
[PlyCount "112"]
[EventDate "2019.01.28"]
[EventType "swiss"]
[EventRounds "10"]
[EventCountry "IND"]
[SourceTitle "playchess.com"]
[Source "ChessBase"]
[SourceQuality "1"]
[TimeControl "5400+30"]

1. Nf3 Nf6 2. d4 e6 3. c4 Bb4+ 4. Bd2 Bxd2+ 5. Qxd2 b6 6. Nc3 Bb7 7. e3 O-O 8. Be2 d6 9. O-O Nbd7 10. h3 Qe7 11. Rfe1 Ne4 12. Nxe4 Bxe4 13. Qd1 f5 14. g3 e5 15. Nd2 Bb7 16. Bf3 Bxf3 17. Nxf3 e4 18. Nd2 Qf7 19. Rc1 c5 20. Kg2 Rae8 21. f3 cxd4 22. exd4 e3 23. Nf1 f4 24. gxf4 Qxf4 25. Rc3 e2 26. Rxe2 Rxe2+ 27. Qxe2 Qxd4 28. Qe3 Qf6 29. Ng3 Ne5 30. Qd4 Qg6 31. Qe4 Qh6 32. Qd5+ Kh8 33. Qd1 Ng6 34. Qf1 Qg5 35. Kh2 Qf4 36. Kg2 Nh4+ 37. Kh2 Nf5 38. Qf2 h5 39. Kg2 Nh4+ 40. Kh1 g6 41. Ne2 Qf6 42. Qd4 Kg7 43. Qxf6+ Rxf6 44. Ng1 Kf7 45. Kh2 g5 46. Kg3 Nf5+ 47. Kf2 Nd4 48. Ne2 Nxe2 49. Kxe2 Rf4 50. b3 Rh4 51. Rd3 Rxh3 52. Rxd6 Rh2+ 53. Ke3 Rxa2 54. Rd5 Kf6 55. Rd6+ Ke7 56. Rg6 Ra5 0-1

[Event "2nd Kalyan Dombivali 2019"]
[Site "Kalyan"]
[Date "2019.01.29"]
[Round "1.12"]
[White "Sparsh, Khandelwal"]
[Black "Anirudh, Satish"]
[Result "1-0"]
[ECO "C23"]
[WhiteElo "1823"]
[BlackElo "1100"]
[Annotator "NA RC"]
[PlyCount "41"]
[EventDate "2019.01.28"]
[EventType "swiss"]
[EventRounds "10"]
[EventCountry "IND"]
[SourceTitle "playchess.com"]
[Source "ChessBase"]
[SourceQuality "1"]
[TimeControl "5400+30"]

1. e4 e5 2. Bc4 Nc6 3. Nc3 Bc5 4. d3 Nf6 5. h3 d6 6. Nge2 Be6 7. O-O Qe7 8. a3 Bxc4 9. dxc4 O-O 10. Ng3 Qe6 11. Nd5 Bb6 12. Bg5 Nd7 13. Nf5 f6 14. Bh6 Rf7 15. Qg4 Nd4 16. Bxg7 Nxf5 17. exf5 Qe8 18. Bxf6+ Kf8 19. Qg5 Nxf6 20. Nxf6 Qe7 21. Qg8# 1-0

[Event "2nd Kalyan Dombivali 2019"]
[Site "Kalyan"]
[Date "2019.01.29"]
[Round "1.13"]
[White "Kakaria, Harsh"]
[Black "Nehete, Akshay S"]
[Result "0-1"]
[ECO "C01"]
[WhiteElo "1098"]
[BlackElo "1788"]
[Annotator "NA RC"]
[PlyCount "108"]
[EventDate "2019.01.28"]
[EventType "swiss"]
[EventRounds "10"]
[EventCountry "IND"]
[SourceTitle "playchess.com"]
[Source "ChessBase"]
[SourceQuality "1"]
[TimeControl "5400+30"]

1. e4 e6 2. d4 d5 3. exd5 exd5 4. Nf3 c5 5. c3 Nc6 6. Be3 cxd4 7. Nxd4 Nf6 8. Bb5 Bd7 9. Qa4 Qc7 10. O-O Bd6 11. Re1 O-O 12. Nf3 Bg4 13. Nbd2 Ne5 14. Nxe5 Bxe5 15. g3 a6 16. Bf1 Bd7 17. Qc2 Ng4 18. Bd3 Nxe3 19. Bxh7+ Kh8 20. Rxe3 g6 21. Bxg6 fxg6 22. Qxg6 Bf5 23. Qh6+ Bh7 24. Nf3 Bg7 25. Qg5 Rf5 26. Qh4 Bf6 27. Qh6 Qf7 28. Qh3 Bg7 29. g4 Rf4 30. Ng5 Qg6 31. Nxh7 Qxh7 32. Qg2 Bh6 33. Rae1 Rxg4 34. Rg3 Rxg3 35. fxg3 Rd8 36. Qf2 Qg7 37. Re6 Bg5 38. Qb6 d4 39. Rg6 Be3+ 40. Kg2 Qe7 41. Re6 Qd7 42. Rh6+ Bxh6 43. Qxh6+ Kg8 44. Qg6+ Qg7 45. Qe6+ Qf7 46. Qe5 Qd5+ 47. Qxd5+ Rxd5 48. h4 d3 49. Kf2 Re5 50. g4 d2 51. h5 d1=Q 52. Kg3 Qe1+ 53. Kg2 Re2+ 54. Kf3 Qf2# 0-1

[Event "2nd Kalyan Dombivali 2019"]
[Site "Kalyan"]
[Date "2019.01.29"]
[Round "1.14"]
[White "Subramanian, R M"]
[Black "Kharde, Sargam"]
[Result "1-0"]
[ECO "B12"]
[WhiteElo "1780"]
[BlackElo "1095"]
[Annotator "NA RC"]
[PlyCount "35"]
[EventDate "2019.01.28"]
[EventType "swiss"]
[EventRounds "10"]
[EventCountry "IND"]
[SourceTitle "playchess.com"]
[Source "ChessBase"]
[SourceQuality "1"]
[TimeControl "5400+30"]

1. e4 c6 2. d4 d5 3. f3 dxe4 4. fxe4 Nf6 5. Nc3 e6 6. Bg5 Be7 7. Nf3 h6 8. Be3 Bb4 9. Bd3 Nbd7 10. O-O Qc7 11. Nd2 c5 12. Nb5 Qc6 13. c3 Ba5 14. e5 Nd5 15. Nd6+ Ke7 16. Rxf7+ Kd8 17. Qf3 Bc7 18. Bb5 1-0

[Event "2nd Kalyan Dombivali 2019"]
[Site "Kalyan"]
[Date "2019.01.29"]
[Round "1.15"]
[White "Redkar, Yash"]
[Black "Kelaskar, Chinmay"]
[Result "1/2-1/2"]
[ECO "A05"]
[WhiteElo "1094"]
[BlackElo "1764"]
[Annotator "NA RC"]
[PlyCount "104"]
[EventDate "2019.01.28"]
[EventType "swiss"]
[EventRounds "10"]
[EventCountry "IND"]
[SourceTitle "playchess.com"]
[Source "ChessBase"]
[SourceQuality "1"]
[TimeControl "5400+30"]

1. Nf3 Nf6 2. g3 g6 3. Bg2 Bg7 4. O-O O-O 5. d3 d5 6. Nbd2 c5 7. e4 Nc6 8. c3 e5 9. Re1 d4 10. Nb3 dxc3 11. bxc3 c4 12. dxc4 Qxd1 13. Rxd1 Nxe4 14. Bd2 Bg4 15. Re1 f5 16. Rac1 Rad8 17. Be3 f4 18. gxf4 exf4 19. Bd4 Nxd4 20. Nfxd4 Nxc3 21. Rxc3 Bxd4 22. Nxd4 Rxd4 23. Bxb7 f3 24. Bd5+ Kg7 25. Ra3 Kh6 26. Rae3 Rd2 27. a3 Rf5 28. Be6 Rg5 29. Bxg4 Rxg4+ 30. Kf1 Rf4 31. Rc1 g5 32. c5 g4 33. c6 Rf8 34. c7 Rc8 35. Ke1 Rd7 36. Rec3 Kg5 37. Rc5+ Kh4 38. Kf1 h5 39. a4 Rh7 40. a5 Kh3 41. Kg1 h4 42. R5c3 Rf7 43. a6 g3 44. hxg3 hxg3 45. fxg3 Kxg3 46. Kf1 Rh7 47. Ke1 Re7+ 48. Kf1 Rh8 49. Kg1 Rc8 50. Kf1 Rh7 51. Kg1 Rg8 52. c8=Q Rg5 1/2-1/2

[Event "2nd Kalyan Dombivali 2019"]
[Site "Kalyan"]
[Date "2019.01.29"]
[Round "1.16"]
[White "Javheri, Jaydev"]
[Black "Dalvi, Aashish"]
[Result "1-0"]
[ECO "B10"]
[WhiteElo "1675"]
[BlackElo "1089"]
[Annotator "NA RC"]
[PlyCount "101"]
[EventDate "2019.01.28"]
[EventType "swiss"]
[EventRounds "10"]
[EventCountry "IND"]
[SourceTitle "playchess.com"]
[Source "ChessBase"]
[SourceQuality "1"]
[TimeControl "5400+30"]

1. e4 c6 2. Nf3 d5 3. Nc3 d4 4. Ne2 c5 5. Ng3 Nc6 6. Bb5 Bd7 7. O-O e6 8. d3 Be7 9. Nh5 Bf6 10. Bxc6 Bxc6 11. e5 Bxf3 12. exf6 Bxd1 13. fxg7 Bxh5 14. gxh8=Q Kd7 15. Qe5 Bg6 16. Qxc5 Ke8 17. Bf4 Ne7 18. Bg5 Rc8 19. Qxe7+ Qxe7 20. Bxe7 Kxe7 21. Rac1 e5 22. Rfd1 b5 23. c3 Rd8 24. cxd4 Rxd4 25. f3 Kd6 26. Rc8 Kd7 27. Rc5 e4 28. fxe4 Bxe4 29. Rxb5 Bd5 30. Ra5 Kc6 31. Rxa7 Rg4 32. Rd2 Kb6 33. Re7 Bxa2 34. b3 Bxb3 35. Rb2 Rb4 36. Rxf7 Bxf7 37. Rxb4+ Kc5 38. Rf4 Bg6 39. d4+ Kd5 40. Kf2 Be4 41. Ke3 Bxg2 42. Rh4 Bh1 43. Rxh7 Kd6 44. h4 Bd5 45. Rh6+ Kd7 46. Kf4 Ke7 47. Ke5 Bf7 48. Rh7 Kf8 49. Kf6 Bd5 50. Rh8+ Bg8 51. h5 1-0

[Event "2nd Kalyan Dombivali 2019"]
[Site "Kalyan"]
[Date "2019.01.29"]
[Round "1.17"]
[White "Tushar, V Thakker"]
[Black "Shreyas, Ghadi"]
[Result "0-1"]
[ECO "C02"]
[WhiteElo "1081"]
[BlackElo "1653"]
[Annotator "NA RC"]
[PlyCount "84"]
[EventDate "2019.01.28"]
[EventType "swiss"]
[EventRounds "10"]
[EventCountry "IND"]
[SourceTitle "playchess.com"]
[Source "ChessBase"]
[SourceQuality "1"]
[TimeControl "5400+30"]

1. e4 e6 2. d4 d5 3. e5 c5 4. c3 Nc6 5. a3 f6 6. Nf3 fxe5 7. dxe5 Nge7 8. Bb5 Qb6 9. Bxc6+ Nxc6 10. O-O Be7 11. b4 O-O 12. Be3 Qc7 13. Re1 cxb4 14. cxb4 Nxe5 15. Nd4 Nc4 16. Nd2 Nxe3 17. fxe3 Bd7 18. Rc1 Qd6 19. Qh5 e5 20. N4b3 Rf5 21. Qe2 Rf6 22. Rcd1 Qe6 23. Rf1 b6 24. Rxf6 Bxf6 25. Nc1 Rc8 26. Nf3 Rc4 27. h3 Rc3 28. Qd2 Rxa3 29. Qxd5 Qxd5 30. Rxd5 Bc6 31. Rd1 Rxe3 32. Kf2 Rc3 33. Ne2 Rc2 34. Nfg1 Bb5 35. Ke1 Rb2 36. Ra1 a6 37. Nc3 Rxg2 38. Nge2 e4 39. Rc1 Bd3 40. Nf4 Rg1+ 41. Kd2 Rxc1 42. Kxc1 Bxc3 0-1

[Event "2nd Kalyan Dombivali 2019"]
[Site "Kalyan"]
[Date "2019.01.29"]
[Round "1.18"]
[White "Ankur, Mahesh Gokhale"]
[Black "Kotur, Aman"]
[Result "1-0"]
[ECO "B13"]
[WhiteElo "1628"]
[BlackElo "1076"]
[Annotator "NA RC"]
[PlyCount "41"]
[EventDate "2019.01.28"]
[EventType "swiss"]
[EventRounds "10"]
[EventCountry "IND"]
[SourceTitle "playchess.com"]
[Source "ChessBase"]
[SourceQuality "1"]
[TimeControl "5400+30"]

1. e4 c6 2. d4 d5 3. exd5 Qxd5 4. Nc3 Qa5 5. Bd2 Qb6 6. Nf3 Bg4 7. Bc4 e6 8. Bb3 Nf6 9. h3 Bxf3 10. Qxf3 Qxd4 11. Be3 Qe5 12. O-O-O Qh5 13. g4 Qg6 14. Nb5 Na6 15. Nd4 Rd8 16. Nxc6 Ra8 17. Ba4 Qe4 18. Qxe4 Nxe4 19. Nb8+ Ke7 20. Nxa6 bxa6 21. Bc6 1-0

[Event "2nd Kalyan Dombivali 2019"]
[Site "Kalyan"]
[Date "2019.01.29"]
[Round "1.19"]
[White "Shantanu, Sachin Kotekar"]
[Black "Chhabra, Aakash"]
[Result "0-1"]
[ECO "C01"]
[WhiteElo "1075"]
[BlackElo "1620"]
[Annotator "NA"]
[PlyCount "88"]
[EventDate "2019.01.28"]
[EventType "swiss"]
[EventRounds "10"]
[EventCountry "IND"]
[SourceTitle "playchess.com"]
[Source "ChessBase"]
[SourceQuality "1"]
[TimeControl "5400+30"]

1. e4 e6 2. d4 d5 3. exd5 exd5 4. Bd3 c5 5. dxc5 Bxc5 6. Nf3 Nf6 7. O-O O-O 8. Bg5 Bg4 9. Nbd2 Nbd7 10. Re1 Qb6 11. Bh4 Qxb2 12. Rb1 Qxa2 13. Rxb7 Bb6 14. Qa1 Qxa1 15. Rxa1 Rfd8 16. h3 Be6 17. Nb3 d4 18. Bxf6 gxf6 19. Be4 Rab8 20. Rxb8 Nxb8 21. Na5 f5 22. Bd3 Rc8 23. Nb3 Nc6 24. Ra4 Rd8 25. Bb5 d3 26. Bxc6 dxc2 27. Nbd4 c1=Q+ 28. Kh2 Bxd4 29. Nxd4 Qf4+ 30. Kg1 Rxd4 31. Rxd4 Qxd4 32. Bf3 Bd5 33. Bxd5 Qxd5 34. f3 f4 35. Kf2 Qd2+ 36. Kg1 Qe1+ 37. Kh2 Qg3+ 38. Kg1 a5 39. Kh1 a4 40. Kg1 Qe1+ 41. Kh2 a3 42. h4 a2 43. h5 Qg3+ 44. Kg1 a1=Q# 0-1

[Event "2nd Kalyan Dombivali 2019"]
[Site "Kalyan"]
[Date "2019.01.30"]
[Round "2.5"]
[White "Snehal, Bhosale"]
[Black "Arnav, Pradhan"]
[Result "1-0"]
[ECO "E94"]
[WhiteElo "2135"]
[BlackElo "1304"]
[Annotator "RC"]
[PlyCount "95"]
[EventDate "2019.01.28"]
[EventType "swiss"]
[EventRounds "10"]
[EventCountry "IND"]
[SourceTitle "playchess.com"]
[Source "ChessBase"]
[SourceQuality "1"]
[TimeControl "5400+30"]

1. d4 Nf6 2. c4 g6 3. Nc3 Bg7 4. e4 d6 5. Nf3 O-O 6. Be2 e5 7. O-O Nbd7 8. Be3 Ng4 9. Bg5 f6 10. Bc1 g5 11. dxe5 Ngxe5 12. Nd4 Nc5 13. Be3 a5 14. b3 c6 15. f3 Qc7 16. Qd2 Ng6 17. Rfd1 Rd8 18. Rac1 Ne6 19. Nf5 Bf8 20. Na4 c5 21. g3 Ng7 22. Bxc5 Bxf5 23. Bb6 Qc6 24. exf5 Nxf5 25. Bxd8 Rxd8 26. Qxa5 Ne5 27. Qxd8 Nxf3+ 28. Bxf3 Qxf3 29. Qe8 Nxg3 30. hxg3 Qxg3+ 31. Kf1 Qf3+ 32. Ke1 Qg3+ 33. Kd2 d5 34. cxd5 Kg7 35. Kc2 Bb4 36. Kb1 Qf4 37. Qe6 Ba3 38. Nb2 Qh2 39. Rc2 Qf4 40. d6 Bb4 41. Rc7+ Kg6 42. Qf7+ Kf5 43. Qxh7+ Kg4 44. Rc4 Bxd6 45. Rxd6 f5 46. Rd3 Qe4 47. Qh3+ Kf4 48. Qg3# 1-0

[Event "2nd Kalyan Dombivali 2019"]
[Site "Kalyan"]
[Date "2019.01.30"]
[Round "2.7"]
[White "Satkar, Chirag"]
[Black "Kunder, Pratik"]
[Result "1-0"]
[ECO "E94"]
[WhiteElo "2071"]
[BlackElo "1300"]
[Annotator "NA RC"]
[PlyCount "61"]
[EventDate "2019.01.28"]
[EventType "swiss"]
[EventRounds "10"]
[EventCountry "IND"]
[SourceTitle "playchess.com"]
[Source "ChessBase"]
[SourceQuality "1"]
[TimeControl "5400+30"]

1. d4 Nf6 2. c4 g6 3. Nc3 Bg7 4. e4 d6 5. Be2 O-O 6. Nf3 e5 7. O-O exd4 8. Nxd4 Re8 9. f3 Nfd7 10. Be3 a5 11. Qd2 Nc5 12. Rad1 Qd7 13. Ndb5 Qc6 14. Nd5 Nba6 15. Bd4 Nd7 16. Qxa5 b6 17. Qd2 Rb8 18. Bxg7 Kxg7 19. Nd4 Qb7 20. Qg5 Kh8 21. f4 Nac5 22. Bf3 c6 23. Nf6 Ne6 24. Nxe6 Rxe6 25. Nxd7 Bxd7 26. f5 gxf5 27. exf5 Rg8 28. Qd2 Ree8 29. Qxd6 Bc8 30. Qf6+ Rg7 31. Bxc6 1-0

[Event "2nd Kalyan Dombivali 2019"]
[Site "Kalyan"]
[Date "2019.01.30"]
[Round "2.8"]
[White "Godse, Anish"]
[Black "Saranya, Y."]
[Result "0-1"]
[ECO "B27"]
[WhiteElo "1288"]
[BlackElo "1961"]
[Annotator "NA RC"]
[PlyCount "58"]
[EventDate "2019.01.28"]
[EventType "swiss"]
[EventRounds "10"]
[EventCountry "IND"]
[SourceTitle "playchess.com"]
[Source "ChessBase"]
[SourceQuality "1"]
[TimeControl "5400+30"]

1. e4 c5 2. Nf3 g6 3. Nc3 Bg7 4. Bc4 Nc6 5. d3 Na5 6. Bb3 Nxb3 7. axb3 d6 8. O-O Nf6 9. h3 O-O 10. Be3 b6 11. Qd2 Re8 12. Bh6 Bh8 13. Rfe1 Bb7 14. Qg5 Nd7 15. Qg3 Ne5 16. Re3 e6 17. Nh4 Bf6 18. Nf3 Bc6 19. Qf4 a5 20. Ne2 Ra7 21. c3 Nxf3+ 22. Rxf3 Be5 23. Qe3 f5 24. Bf4 Bf6 25. Bh6 e5 26. g3 Rf7 27. h4 d5 28. Rd1 dxe4 29. Qc1 exf3 0-1

[Event "2nd Kalyan Dombivali 2019"]
[Site "Kalyan"]
[Date "2019.01.30"]
[Round "2.9"]
[White "Kadam, Om Manish"]
[Black "Subramanian, T.V."]
[Result "1-0"]
[ECO "B42"]
[WhiteElo "1943"]
[BlackElo "1290"]
[Annotator "NA RC"]
[PlyCount "101"]
[EventDate "2019.01.28"]
[EventType "swiss"]
[EventRounds "10"]
[EventCountry "IND"]
[SourceTitle "playchess.com"]
[Source "ChessBase"]
[SourceQuality "1"]
[TimeControl "5400+30"]

1. e4 c5 2. Nf3 e6 3. d4 cxd4 4. Nxd4 a6 5. Bd3 Nf6 6. Nc3 Qc7 7. a4 b6 8. f4 Bb7 9. Qe2 Bb4 10. Bd2 h5 11. Rf1 Nc6 12. Nxc6 Qxc6 13. e5 Bxc3 14. Bxc3 Ne4 15. Bd4 Nc5 16. Bxc5 Qxc5 17. f5 exf5 18. Bxf5 O-O-O 19. O-O-O Rhe8 20. Rfe1 g6 21. Bd3 Qa5 22. Bc4 Re7 23. Bb3 Rde8 24. Bxf7 Rxe5 25. Qc4+ Bc6 26. b4 Qxa4 27. Bxe8 Qa3+ 28. Kb1 Rb5 29. Bxd7+ Kb8 30. Qf4+ Ka7 31. Qc7+ Bb7 32. Bxb5 Qxb4+ 33. Kc1 axb5 34. Re7 Qa3+ 35. Kd2 Qb4+ 36. c3 Qb2+ 37. Kd3 Qxg2 38. Qxb7+ Qxb7 39. Rxb7+ Kxb7 40. Rg1 Ka6 41. Rxg6 Ka5 42. Rg7 b4 43. c4 Ka4 44. Ra7+ Kb3 45. Rb7 Kb2 46. Rxb6 b3 47. c5 h4 48. h3 Ka2 49. c6 b2 50. Kc2 Ka1 51. Ra6# 1-0